Map: New Repugnancy LE

Players

Bly - Winner!

  • Race: Zerg Zerg
  • Spawn Location: 1:00

Rail

  • Race: Protoss Protoss
  • League: Grandmaster
  • Spawn Location: 7:00

Event: 2019 WCS Winter Europe

VOD

Have the link to the VOD?

Description

Time

  • Played on: Jan. 31, 2019, 12:42 p.m.
  • Length: 4:21

All games in this series

Show
View Real Time Build Order
Export as new Build Order

Bly Zerg - Winner!

Build Orders: Pool First 

Get SALT Encoding   

  12  0:01  Drone  
  13  0:13  Overlord  
  13  0:20  Drone  
  14  0:32  Drone x2  
  16  0:41  Spawning Pool  
  15  0:45  Drone  
  15  0:49  Drone  
  17  0:57  Drone  
  17  1:02  Extractor  
  17  1:15  Hatchery  
  16  1:27  Zergling x4  
  16  1:29  Zergling x2  
  19  1:36  Queen  
  21  1:47  Overlord  
  21  1:51  Drone  
  22  2:03  Metabolic Boost  
  22  2:05  Drone  
  23  2:11  Queen  
  25  2:23  Roach Warren  
  23  2:40  Zergling x2  
  24  2:48  Overlord  
  23  3:06  Roach x5  
  32  3:15  Overlord  
  32  3:20  Zergling x6  
  32  3:26  Zergling x4  
  37  3:40  Zergling x8  
  41  3:53  Ravager  
  42  3:57  Zergling x8  
  46  4:03  Ravager, Zergling x2  
Show
View Real Time Build Order
Export as new Build Order

Rail Protoss 

Build Orders: 1 Gate Expand 

Get SALT Encoding   

  12  0:00  Probe  
  13  0:12  Probe  
  14  0:18  Pylon  
  14  0:24  Probe  
  15  0:32  Probe  
  15  0:39  Gateway  
  15  0:40  Probe  
  16  0:47  Assimilator  
  17  0:51  Probe  
  18  1:03  Probe  
  19  1:15  Probe  
  20  1:23  Nexus  
  20  1:33  Cybernetics Core  
  20  1:36  Probe  
  21  1:41  Assimilator  
  21  1:48  Pylon  
  21  1:51  Probe  
  22  2:03  Probe  
  23  2:15  Stargate, Probe  
  26  2:26  Adept  
  24  2:31  Pylon  
  24  2:36  Probe  
  25  2:41  Probe  
  25  2:51  Probe  
  25  2:58  Probe  
  25  3:03  Probe  
  26  3:06  Probe  
  27  3:14  Void Ray  
  27  3:17  Probe  
  27  3:18  Probe  
  33  3:24  Adept  
  33  3:33  Pylon  
  35  3:36  Probe  
  35  3:41  Probe  
  35  3:46  Probe  
  35  3:50  Probe  
  35  3:54  Probe  
  37  3:58  Probe  
  40  4:03  Probe  
  40  4:08  Probe  
Tags
 
Add a new tag
Caveats
  • Supply blocks, unpowered buildings, or Contaminate may cause inaccurate times.
  • Supply counts are checked every 10 seconds.